 Dungeon Crawl Stone Soup version 0.31-a0-174-g85c54bcb58 (webtiles) character file.

Game seed: 966488555092053581

76 qw the Shooter (level 4, -2/40 HPs)
             Began as a Naga Hunter on June 15, 2023.
             Slain by Grinder (3 damage)
             ... while paralysed by Grinder
             ... on level 3 of the Dungeon.
             The game lasted 00:00:36 (1232 turns).

qw the Shooter (Naga Hunter)                        Turns: 1232, Time: 00:00:37

Health: -2/40      AC:  4    Str: 13    XL:     4   Next: 32%
Magic:  4/4        EV:  1    Int: 10    God:
Gold:   185        SH:  0    Dex: 16    Spells: 3/3 levels left

rFire   + . .        Y - +0 shortbow
rCold   . . .        (shield currently unavailable)
rNeg    . . .        c - +0 leather armour
rPois   +            (no helmet)
rElec   .            e - +0 cloak
rCorr   .            b - +0 pair of gloves
SInv    +            (no barding)
Will    .....        (no amulet)
Stlth   ++           d - ring of protection from fire
HPRegen 0.26/turn    (no ring)
MPRegen 0.09/turn

%: no passive effects
@: paralysed, very slow
A: AC +1, large, see invisible, deformed body, poison resistance, slowness 2,
spit poison 1, naga tail 1
a: Spit Poison


You were on level 3 of the Dungeon.
You visited 1 branch of the dungeon, and saw 3 of its levels.

You collected 185 gold pieces.


Innate Abilities, Weirdness & Mutations

Your serpentine skin is tough. (AC +1)
You have supernaturally acute eyesight. (SInv)
Armour fits poorly on your strangely shaped body.
Your system is resistant to poisons. (rPois)
You cover ground very slowly.
You can spit poison.
You have a snake-like lower body.


   Skills:
 + Level 2.5 Fighting
 - Level 5.0 Ranged Weapons
 - Level 1.5 Dodging
 - Level 1.5 Stealth


You had 3 spell levels left.
You didn't know any spells.
Your spell library was empty.

Inventory:

Hand Weapons
 Y - a +0 shortbow (weapon)
Armour
 b - a +0 pair of gloves (worn)
 c - a +0 leather armour (worn)
 e - a +0 cloak (worn)
Jewellery
 d - a ring of protection from fire (left hand)
Scrolls
 f - a scroll of acquirement {unknown}
 g - a scroll of enchant armour {unknown}
 h - a scroll of identify
Potions
 i - a potion of enlightenment {unknown}
 k - a potion of attraction {unknown}

Dungeon Overview and Level Annotations

Branches:
Dungeon (3/15)

Altars:

Annotations:
D:3 Grinder


Message History

You resist with significant effort.
You shoot an arrow. The arrow barely misses Grinder.
Grinder gestures at you.
You struggle to resist.
You shoot an arrow. The arrow hits Grinder.
Grinder is heavily wounded.
Grinder gestures at you.
You struggle to resist.
Grinder hits you!
You writhe in agony.
You shoot an arrow. The arrow hits Grinder.
Grinder is heavily wounded.
Grinder gestures at you. You resist with significant effort.
You shoot an arrow. The arrow completely misses Grinder.
Grinder hits you!
1225 ||| READING scroll of teleportation.
As you read the scroll of teleportation, it crumbles to dust.
You feel strangely unstable. Grinder barely misses you.
You shoot an arrow.
The arrow hits Grinder but does no damage.
Grinder is heavily wounded.
Grinder hits you but does no damage.
You shoot an arrow. The arrow hits Grinder.
Grinder is heavily wounded.
Your surroundings seem slightly different.
Grinder says, "Tell me all your secrets, or I'll kill you."
Enter note: You shoot an arrow.
The arrow hits Grinder.
Grinder is severely wounded.
You shoot an arrow. The arrow hits Grinder.
Grinder is severely wounded.
Grinder hits you.
You writhe in agony.
You shoot an arrow. The arrow closely misses Grinder.
Grinder closely misses you.
You shoot an arrow. The arrow hits Grinder!
Grinder is almost dead.
Grinder gestures at you.
You suddenly lose the ability to move!
Grinder hits you.
You writhe in agony.
You die...

########### #..|......#
#######.........#
######........$......###
#.......................
#.####........$5@....#
..# #........###....#
.## #......### ##..# ##
#.....## .# ####### #


You could see Grinder.

Vanquished Creatures
  2 adders
  2 worms (D:2)
  A dart slug (D:2)
  7 bats
  3 endoplasms
  5 giant cockroaches
  4 goblins
  6 hobgoblins
  2 jackals (D:2)
  5 ball pythons
  2 frilled lizards (D:2)
  4 kobolds
  4 rats
47 creatures vanquished.

Notes
Turn   | Place    | Note
-------+----------+-------------------------------------------
     0 | D:1      | qw the Naga Hunter began the quest for the Orb.
     0 | D:1      | Reached XP level 1. HP: 19/19 MP: 1/1
     0 | D:1      | 0 ||| qw: Version: 0.2-a-29-g511e9b1
     0 | D:1      | 0 ||| qw: Game counter: 5255
     0 | D:1      | 0 ||| qw: Always use a shield: true
     0 | D:1      | 0 ||| qw: God list: Okawaru
     0 | D:1      | 0 ||| qw: Allow faded altars: false
     0 | D:1      | 0 ||| qw: Do Orc after D:15 true
     0 | D:1      | 0 ||| qw: Do second Lair branch before Depths: true
     0 | D:1      | 0 ||| qw: Lair rune preference: random
     0 | D:1      | 0 ||| qw: Plans: Normal
     0 | D:1      | 0 ||| PLANNING D:1-11
    44 | D:1      | 44 ||| INVOKING Spit Poison.
    73 | D:1      | 73 ||| INVOKING Spit Poison.
    77 | D:1      | 77 ||| INVOKING Spit Poison.
    78 | D:1      | 78 ||| INVOKING Spit Poison.
    93 | D:1      | 93 ||| INVOKING Spit Poison.
    95 | D:1      | Reached skill level 4 in Ranged Weapons
    95 | D:1      | Reached XP level 2. HP: 26/26 MP: 2/2
   109 | D:1      | 109 ||| INVOKING Spit Poison.
   168 | D:1      | 168 ||| INVOKING Spit Poison.
   186 | D:1      | 186 ||| INVOKING Spit Poison.
   189 | D:1      | 189 ||| INVOKING Spit Poison.
   260 | D:1      | 260 ||| INVOKING Spit Poison.
   265 | D:1      | 265 ||| INVOKING Spit Poison.
   276 | D:1      | 276 ||| INVOKING Spit Poison.
   300 | D:1      | 300 ||| INVOKING Spit Poison.
   377 | D:1      | 377 ||| UPGRADING to +0 cloak.
   382 | D:1      | 382 ||| READING scroll labelled JUVVUG QUEV.
   383 | D:1      | 383 ||| DRINKING 2 viscous silvery potions.
   384 | D:1      | 384 ||| DROPPING scroll of butterflies.
   392 | D:2      | 392 ||| INVOKING Spit Poison.
   393 | D:2      | Reached XP level 3. HP: 32/32 MP: 3/3
   445 | D:2      | 445 ||| INVOKING Spit Poison.
   451 | D:2      | 451 ||| INVOKING Spit Poison.
   454 | D:2      | 454 ||| INVOKING Spit Poison.
   469 | D:2      | 469 ||| INVOKING Spit Poison.
   473 | D:2      | 473 ||| INVOKING Spit Poison.
   480 | D:2      | 480 ||| INVOKING Spit Poison.
   527 | D:2      | 527 ||| INVOKING Spit Poison.
   564 | D:2      | 564 ||| INVOKING Spit Poison.
   569 | D:2      | 569 ||| INVOKING Spit Poison.
   633 | D:2      | 633 ||| INVOKING Spit Poison.
   728 | D:2      | 728 ||| INVOKING Spit Poison.
   811 | D:2      | 811 ||| INVOKING Spit Poison.
   871 | D:2      | 871 ||| INVOKING Spit Poison.
   875 | D:2      | 875 ||| INVOKING Spit Poison.
   879 | D:2      | 879 ||| INVOKING Spit Poison.
   882 | D:2      | 882 ||| INVOKING Spit Poison.
   885 | D:2      | Reached skill level 5 in Ranged Weapons
   885 | D:2      | Reached XP level 4. HP: 32/39 MP: 4/4
   952 | D:2      | 952 ||| INVOKING Spit Poison.
   991 | D:2      | 991 ||| INVOKING Spit Poison.
  1015 | D:2      | 1015 ||| UPGRADING to +0 pair of gloves.
  1020 | D:2      | 1020 ||| UPGRADING to ring of protection from fire.
  1021 | D:2      | 1021 ||| READING 2 scrolls labelled QARROM YTEUGAE.
  1024 | D:2      | 1024 ||| READING 3 scrolls labelled SAIM ZEUSKUOWY.
  1025 | D:2      | 1025 ||| DRINKING 2 golden potions.
  1026 | D:2      | 1026 ||| DRINKING potion of curing.
  1026 | D:2      | 1026 ||| (to cure confusion)
  1027 | D:2      | 1027 ||| READING 2 scrolls of identify.
  1027 | D:2      | 1027 ||| IDENTIFYING dark potion
  1028 | D:2      | 1028 ||| DROPPING potion of lignification.
  1029 | D:2      | 1029 ||| DROPPING potion of ambrosia.
  1052 | D:3      | 1052 ||| INVOKING Spit Poison.
  1070 | D:3      | 1070 ||| INVOKING Spit Poison.
  1080 | D:3      | 1080 ||| INVOKING Spit Poison.
  1083 | D:3      | 1083 ||| INVOKING Spit Poison.
  1088 | D:3      | 1088 ||| INVOKING Spit Poison.
  1123 | D:3      | 1123 ||| INVOKING Spit Poison.
  1208 | D:3      | Noticed Grinder
  1224 | D:3      | HP: 10/40 [Grinder (7)]
  1225 | D:3      | 1225 ||| READING scroll of teleportation.
  1229 | D:3      | HP: 7/40 [Grinder (4)]
  1231 | D:3      | Paralysed by Grinder for 5 turns
  1232 | D:3      | HP: 1/40 [Grinder (6)]
  1232 | D:3      | Slain by Grinder

Levels and vault maps discovered:
D:1:      saegor_arrival_simple_a, layout_rooms
D:2:      layout_basic
D:3:      kennysheep_big_flooded_room, layout_basic,
          mainiacjoe_overflow_concentric_impassable, nzn_wu_jian_council_hall,
          serial_bayou_lake_a, uniq_grinder, uniq_robin, uniq_jessica

Skill      XL: |  1  2  3 |
---------------+----------+-----
Ranged Weapons | 4 5 |  5.0
Fighting       | |  2.5
Dodging        | |  1.5
Stealth        | |  1.5

Action                     |  1- 3 |  4- 6 || total
---------------------------+-------+-------++-------
   Fire: Shortbow          |    59 |    38 ||    97
Ability: Spit Poison       |    29 |     8 ||    37
    Use: Scroll            |     1 |     4 ||     5
         Potion            |     1 |     2 ||     3
 Armour: Leather armour    |     8 |     6 ||    14
  Dodge: Dodged            |    15 |     8 ||    23

Table legend:
 A = Non-vault XP
 B = Vault XP
 C = Vault XP percentage of total XP
 D = Non-vault monster count
 E = Vault monster count
 F = Vault count percentage of total count
                 A         B        C        D         E       F
            +---------+---------+-------+---------+---------+-------
      Total |     109 |       0 |   0.0 |      47 |       0 |   0.0
            +---------+---------+-------+---------+---------+-------
        D:1 |      33 |       0 |   0.0 |      19 |       0 |   0.0
        D:2 |      58 |       0 |   0.0 |      24 |       0 |   0.0
        D:3 |      18 |       0 |   0.0 |       4 |       0 |   0.0
            +---------+---------+-------+---------+---------+-------
